 Dungeon Crawl Stone Soup version 0.31-b1-18-g61460d1e46 (webtiles) character file.

Game seed: 3133620825838859237

134 Aldia the Changeling (level 5, 0/58 HPs)
             Began as a Merfolk Shapeshifter on Jan 16, 2024.
             Succumbed to an adder's poison
             ... on level 3 of the Dungeon.
             The game lasted 00:02:58 (1730 turns).

Aldia the Changeling (Merfolk Shapeshifter)         Turns: 1730, Time: 00:02:59

Health: 0/58       AC: 22    Str: 16    XL:     5   Next: 17%
Magic:  5/5        EV:  2    Int: 10    God:
Gold:   135        SH:  0    Dex: 13    Spells: 3/4 levels left

rFire   . .          .
                       - Unarmed
rCold   . . .        (no shield)
rNeg    . . .        a - melded +0 animal skin
rPois   +            (helmet currently unavailable)
rElec   .            (cloak currently unavailable)
rCorr   .            (gloves currently unavailable)
SInv    .            (boots currently unavailable)
Will    +....        (no amulet)
Stlth   +            f - ring of willpower
HPRegen 0.29/turn    (no ring)
MPRegen 0.09/turn

%: no passive effects
@: lethally poisoned (0 -> -1), on fire, tree-form (expiring), glowing
A: stationary, stasis, torment immunity, boosted hp, (nimble swimmer 2),
(mertail)
a: no special abilities


You were on level 3 of the Dungeon.
You were a tree.
You visited 1 branch of the dungeon, and saw 3 of its levels.

You collected 135 gold pieces.

Inventory:

Armour
 a - a +0 animal skin (melded)
Jewellery
 f - a ring of willpower (left branch)
Talismans
 c - a beast talisman
 d - a flux talisman
Wands
 i - a wand of mindburst (20)
Scrolls
 e - a scroll of enchant armour
 g - a scroll of silence {unknown}
 h - 2 scrolls of noise {unknown}
 j - a scroll of fog {unknown}
Potions
 b - 2 potions of lignification


   Skills:
 + Level 2.4 Fighting
 + Level 3.8 Dodging
 * Level 4.7 Unarmed Combat
 + Level 4.8 Shapeshifting


You had 3 spell levels left.
You knew the following spells:

 Your Spells              Type           Power      Damage    Failure   Level
a - Apportation           Tloc           0%         N/A       36%         1

Your spell library contained the following spells:

 Spells                   Type           Power      Damage    Failure   Level
 Jinxbite                 Hex            0%         N/A       50%         2
 Alistair's Intoxication  Alch           0%         N/A       100%        5
 Iskenderun's Battlesphe  Conj           0%         2d6       100%        5
 Bombard                  Conj/Erth      0%         9d1       100%        6
 Spellforged Servitor     Conj/Summ      0%         N/A       100%        7


Dungeon Overview and Level Annotations

Branches:
Dungeon (3/15)

Altars:


Innate Abilities, Weirdness & Mutations

You are a tree.
Your roots penetrate the ground, keeping you stationary.
You cannot be teleported.
You are immune to unholy pain and torment.
Your maximum health is greatly increased.
Your equipment is partially melded.
((You are very nimble when in or above water. (Stealth+, EV+, Speed+++)))
((Your lower body shifts to a powerful aquatic tail in water.))


Message History

You are covered in liquid fire!
Your transformation has ended.
You turn into a tree.
Your +0 animal skin melds into your body.
Your roots penetrate the ground.
The liquid fire burns you!
You feel very sick. The adder barely misses you.
You are on fire!
You smack the adder!
You kill the adder!
The liquid fire burns you!
You feel sick.
Unknown command.
Unknown command.
You pummel the bombardier beetle!!
You kill the bombardier beetle!
The liquid fire burns you!
You feel sick.
You have reached level 5!
You feel clever.
You are on fire!
You are on fire!
You hear the slow rusting of a very distant drain.
The liquid fire burns you!
You feel sick. The liquid fire burns you!
You feel sick. The liquid fire burns you!
* * * LOW HITPOINT WARNING * * *
You feel sick. The liquid fire burns you!
* * * LOW HITPOINT WARNING * * *
You feel sick. The liquid fire burns you!
* * * LOW HITPOINT WARNING * * *
You feel sick. The liquid fire burns you!
* * * LOW HITPOINT WARNING * * *
Your transformation is almost over.
You die...

.....###.##..###
...## #..# #.#
......#.## ...
..##.<.########
#..........#... #
#.##..[....#.#####...
###....†..#......#
.............###
###..........♣†#
>..#.##^#.###†.....#
#####.##.... #.##...
#. ##.#.. ... . #.
#..... $.. #..####
..... .. ..## ..#


There were no monsters in sight!

Vanquished Creatures
  A bombardier beetle (D:3)
  5 adders
  8 endoplasms
  2 giant cockroaches
  4 goblins
  2 hobgoblins (D:1)
  4 jackals (D:1)
  2 quokkas (D:2)
  6 ball pythons
  6 bats (D:1)
  3 frilled lizards
  7 kobolds
  3 rats (D:2)
53 creatures vanquished.

Notes
Turn   | Place    | Note
-------+----------+-------------------------------------------
     0 | D:1      | Aldia the Merfolk Shapeshifter began the quest for the Orb.
     0 | D:1      | Reached XP level 1. HP: 15/15 MP: 1/1
   139 | D:1      | Reached XP level 2. HP: 17/21 MP: 2/2
   471 | D:1      | Reached XP level 3. HP: 26/26 MP: 3/3
   939 | D:2      | Reached XP level 4. HP: 6/33 MP: 4/4
  1226 | D:2      | Learned a level 1 spell: Apportation
  1725 | D:3      | Reached XP level 5. HP: 26/39 MP: 5/5
  1730 | D:3      | HP: 1/58 [burnt (5)]
  1730 | D:3      | Succumbed to an adder's poison

Illustrated notes

Levels and vault maps discovered:
D:1:      nzn_arrival_settlement, layout_loops_cross
D:2:      layout_basic, chequers_serial_rivers_small_3
D:3:      layout_rooms, lightli_sewer_entry_pipes

Skill      XL: |  1  2  3 |
---------------+----------+-----
Dodging        | 3 |  3.8
Unarmed Combat | 4 |  4.7
Fighting       | 2 |  2.4
Shapeshifting  | |  4.8

Action                     |  1- 3 |  4- 6 || total
---------------------------+-------+-------++-------
  Melee: Unarmed           |    84 |    48 ||   132
    Use: Scroll            |       |     2 ||     2
         Potion            |       |     1 ||     1
   Stab: Sleeping          |     1 |     1 ||     2
 Armour: Animal skin       |    36 |    16 ||    52
  Dodge: Dodged            |    62 |    36 ||    98
